 Dungeon Crawl Stone Soup version bcrawl-1.36 (webtiles) character file.

Game seed: 5384232960514726815

123703 Newguy the Magician (level 2, -4/20 HPs)
             Began as a Djinni Wizard on May 27, 2022.
             Slain by a kobold
             ... wielding a +4 falchion of pain
              (7 damage)
             ... on level 1 of the Dungeon.
             The game lasted 00:03:33 (383 turns).

Newguy the Magician (Djinni Wizard)                  Turns: 383, Time: 00:03:34

Health: -4/20      AC:  2    Str:  9    XL:     2   Next: 48%
Magic:  1/8        EV: 12    Int: 20    God:
Gold:   44         SH:  0    Dex:  9    Spells: 10/11 levels left

rFire    . . .     SeeInvis .   a - +0 staff
rCold    . . .     Gourm    .   (no shield)
rNeg     . . .     Faith    .   b - +0 robe
rPois    .         Spirit   .   c - +0 hat
rElec    .         Reflect  .   (no cloak)
rCorr    .         Rnd*Rage +   (no gloves)
MR       .....                  (boots unavailable)
Stlth    ++........             (no amulet)
HPRegen  0.06/turn              (no ring)
MPRegen  0.11/turn              (no ring)

@: flying, very slightly contaminated
A: never pass out, berserk 2, blurry vision 2, wild magic 1, MP-powered wands,
floating
a: no special abilities


You were on level 1 of the Dungeon.
You were not hungry.

You visited 1 branch of the dungeon, and saw 1 of its levels.

You collected 44 gold pieces.

Inventory:

Hand Weapons
 a - a +0 staff (weapon)
Armour
 b - a +0 robe (worn)
 c - a +0 hat (worn)
Scrolls
 i - a scroll of identify
Potions
 f - 2 potions of brilliance
 g - a potion of flight {unknown}
 h - a potion of agility {unknown}
 j - a potion of heal wounds {unknown}
Comestibles
 d - 2 chunks of flesh
 e - a ration {!d}


   Skills:
 + Level 0.1 Staves
 + Level 2.0 Dodging
 - Level 1.7 Stealth
 + Level 5.1 Spellcasting
 + Level 1.4 Conjurations
   Level 1.0 Summonings
   Level 1.2 Translocations


You had 10 spell levels left.
You knew the following spells:

 Your Spells              Type           Power        Failure   Level  Hunger
a - Magic Dart            Conj           ##..         10%         1    None

Your spell library contained the following spells:

 Spells                   Type           Power        Failure   Level  Hunger
 Blink                    Tloc           N/A          16%         2    None
 Call Imp                 Summ           ##....       17%         2    None
 Conjure Flame            Conj/Fire      ##......     34%         3    ###....
 Mephitic Cloud           Conj/Pois/Air  #.......     36%         3    ###....
 Spider Form              Tmut/Pois      #..          43%         3    ###....


Dungeon Overview and Level Annotations

Branches:
Dungeon (1/12)

Altars:


Innate Abilities, Weirdness & Mutations

You never pass out after going berserk.
You often lose your temper in combat.
Scrolls take you longer to read.
Your spells are a little harder to cast, but a little more powerful.
You expend magic power (3 MP) to strengthen your wands.
Your body floats in the air.


Message History

You miscast Magic Dart.
You are very lightly contaminated with residual magic.
You smell something strange.
The kobold hits you with a +4 falchion of pain.
You hit the dart slug.
The dart slug is almost dead.
The kobold closely misses you.
The dart slug bites you but does no damage.
You hit the dart slug.
You kill the dart slug!
The kobold hits you with a +4 falchion of pain.
You closely miss the kobold. The kobold closely misses you.
You hit the kobold.
The kobold is severely wounded.
The kobold hits you with a +4 falchion of pain!
* * * LOW HITPOINT WARNING * * *
You closely miss the kobold.
The kobold is severely wounded.
The kobold hits you with a +4 falchion of pain!
You die...

#................##..##
...#####....########...
#.####.)...# ###.
###.......##.# #.
...##....##.# ##
#.......##.# #
.........#.## #
####†..#....# ##
#K@......# #.
#.....)####..#.## #.
....... #.....##### #.
....... #..#......# #.
....... ##.##..##.####.
..$.... #.###.##...##.
.)..... #.###..(.#.##.
....... #...####....#†
##..# ##.....


You could see a kobold.

Vanquished Creatures
  A dart slug (D:1)
  A leopard gecko (D:1)
  3 bats (D:1)
  3 goblins (D:1)
  A hobgoblin (D:1)
  A frilled lizard (D:1)
  4 kobolds (D:1)
14 creatures vanquished.

Notes
Turn   | Place    | Note
-------+----------+-------------------------------------------
     0 | D:1      | Newguy the Djinni Wizard began the quest for the Orb.
     0 | D:1      | Reached XP level 1. HP: 14/14 MP: 5/5
   202 | D:1      | Reached XP level 2. HP: 20/20 MP: 2/7
   281 | D:1      | Reached skill level 5 in Spellcasting
   383 | D:1      | Slain by a kobold

Skill      XL: |  1  2 |
---------------+-------+-----
Spellcasting   | 5 |  5.1
Staves         | |  0.1
Dodging        | |  2.0
Stealth        | |  1.7
Conjurations   | |  1.4
Summonings     | |  1.0
Translocations | |  1.2

Action                   || total
-------------------------++-------
Melee: Staff             ||    16
 Cast: Magic Dart        ||    26
Armor: Robe              ||     4
Dodge: Dodged            ||    11
